 Dungeon Crawl Stone Soup version 0.23.1 (webtiles) character file.

Game seed: 8488885273502478338

91 PentaManta the Skirmisher (level 4, 0/37 HPs)
             Began as a Barachi Abyssal Knight on Mar 13, 2019.
             Was a Believer of Lugonu.
             Slain by Terence
             ... wielding a +0 flail
              (8 damage)
             ... on level 3 of the Dungeon.
             The game lasted 00:07:11 (2714 turns).

PentaManta the Skirmisher (Barachi Abyssal Knight)  Turns: 2714, Time: 00:07:12

Health: 0/37       AC:  5    Str: 14    XL:     4   Next: 57%
Magic:  5/5        EV: 12    Int: 13    God:    Lugonu [**....]
Gold:   140        SH:  0    Dex: 11    Spells: 3/3 levels left

rFire    . . .     SeeInvis .   a - +1 falchion
rCold    . . .     Gourm    .   (no shield)
rNeg     . . .     Faith    .   b - +0 leather armour
rPois    .         Spirit   .   g - +0 helmet
rElec    .         Reflect  .   (no cloak)
rCorr    .         Harm     .   h - +0 pair of gloves
MR       .....                  (no boots)
Stlth    +.........             (no amulet)
HPRegen  0.12/turn              (no ring)
MPRegen  0.09/turn              (no ring)

@: slow
A: +LOS, swims, slowness 1, strong legs 1
a: Hop, Depart the Abyss, Bend Space, Renounce Religion


You were on level 3 of the Dungeon.
You worshipped Lugonu.
Lugonu was pleased with you.
You were not hungry.

You visited 1 branch of the dungeon, and saw 3 of its levels.
You visited the Abyss 1 time.

You collected 140 gold pieces.

Inventory:

Hand Weapons
 a - a +1 falchion (weapon)
Missiles
 k - 2 tomahawks (quivered)
Armour
 b - a +0 leather armour (worn)
 g - a +0 helmet (worn)
 h - a +0 pair of gloves (worn)
Jewellery
 d - an uncursed ring of ice
Scrolls
 e - a scroll of blinking {unknown}
 f - 3 scrolls of teleportation {unknown}
 i - 3 scrolls of remove curse {unknown}
 l - 2 scrolls of identify {unknown}
 n - a scroll of amnesia {unknown}
 o - a scroll of enchant weapon {unknown}
 p - a scroll of magic mapping {unknown}
Potions
 j - 3 potions of mutation {unknown}
 m - a potion of heal wounds {unknown}
 q - a potion of invisibility {unknown}
 r - a potion of brilliance {unknown}
 t - a potion of agility {unknown}
Comestibles
 c - 4 rations
 s - a chunk of flesh


   Skills:
 + Level 4.3 Fighting
 + Level 3.2 Long Blades
 + Level 3.2 Armour
 * Level 3.0 Dodging
 - Level 1.5 Invocations


You had 3 spell levels left.
You didn't know any spells.
Your spell library was empty.

Dungeon Overview and Level Annotations

Branches:
Dungeon (3/15)

Altars:
Ru

Annotations:
D:3 Terence


Innate Abilities, Weirdness & Mutations

Shadows flee at your approach. (+LOS)
You can swim through water.
You cover ground slowly.
You can hop short distances.


Message History

You closely miss Terence.
Terence is severely wounded.
Terence hits you but does no damage.
You hit Terence but do no damage.
Terence is severely wounded.
You barely miss Terence.
Terence is severely wounded.
Terence barely misses you.
You hit Terence.
Terence is almost dead.
Terence hits you with a +0 flail.
* * * LOW HITPOINT WARNING * * *
You hit Terence.
Terence is almost dead.
Terence hits you with a +0 flail.
* * * LOW HITPOINT WARNING * * *
You hit Terence but do no damage.
Terence is almost dead.
Terence hits you with a +0 flail!
You die...

......# ......#
......# ####
#.....# ......
..>...# #.....
#.....# #.....
#(....#
#.....###@....#
#......@....####
.###......#........
..........##.......
#[.........#.......
#..........#.......
#######.........###
#####.........#
#≈≈≈≈≈≈≈#......#
≈≈≈≈≈≈≈≈≈≈≈###.##


You could see Terence.

Vanquished Creatures
  An adder (D:2)
  3 gnolls (D:3)
  6 worms
  A leopard gecko (D:3)
  3 bats (D:2)
  3 giant cockroaches
  4 goblins
  4 hobgoblins
  5 kobolds
  2 quokkas (D:2)
  5 frilled lizards
  A rat (D:2)
38 creatures vanquished.

Notes
Turn   | Place    | Note
-------+----------+-------------------------------------------
     0 | Abyss:1  | PentaManta the Barachi Abyssal Knight began the quest for
                  | the Orb.
     0 | Abyss:1  | Reached XP level 1. HP: 18/18 MP: 2/2
   152 | D:1      | Escaped the Abyss
   821 | D:1      | Reached XP level 2. HP: 25/25 MP: 3/3
  1562 | D:2      | Found a sacrificial altar of Ru.
  1568 | D:2      | Reached XP level 3. HP: 30/30 MP: 4/4
  1600 | D:2      | Reached skill level 4 in Fighting
  2210 | D:2      | Reached ** piety under Lugonu
  2420 | D:3      | Reached XP level 4. HP: 37/37 MP: 5/5
  2691 | D:3      | Noticed Terence
  2714 | D:3      | Slain by Terence

Skill      XL: |  1  2  3  4 |
---------------+-------------+-----
Dodging        | 2 3 |  3.0
Fighting       | 4 |  4.3
Long Blades    | 3 |  3.2
Armour         | 3 |  3.2
Invocations    | |  1.5

Action                   |  1- 3 |  4- 6 || total
-------------------------+-------+-------++-------
Melee: Falchion          |   135 |    35 ||   170
Throw: Tomahawk          |     8 |     7 ||    15
 Abil: Hop               |     1 |       ||     1
  Eat: Chunk             |     5 |     2 ||     7
Armor: Leather armour    |    34 |     8 ||    42
Dodge: Dodged            |    85 |    20 ||   105
       Rpst.: Falchion   |    20 |     6 ||    26
